 Seeded DCSS version 0.29-a0-816-g82769f0 (webtiles) character file.

Game seed: 9102593981248656609 (custom seed)

132 AmazingTV the Slasher (level 5, 0/49 HPs)
             Began as a Naga Gladiator on July 5, 2022.
             Slain by a hobgoblin
             ... wielding a +0 scythe
              (9 damage)
             ... on level 4 of the Dungeon.
             The game lasted 00:16:28 (4082 turns).

AmazingTV the Slasher (Naga Gladiator)              Turns: 4082, Time: 00:16:30

Health: 0/49       AC:  7    Str: 17    XL:     5   Next: 15%
Magic:  5/5        EV: 10    Int:  8    God:
Gold:   133        SH:  0    Dex: 14    Spells: 4/4 levels left

rFire   . . .      SeeInvis +   a - +0 long sword
rCold   . . .      Faith    .   (no shield)
rNeg    . . .      Spirit   .   t - +3 leather armour
rPois   +          Reflect  .   c - +0 helmet
rElec   .          Harm     .   (no cloak)
rCorr   .          Rampage  .   (no gloves)
Will    .....                   (no barding)
Stlth   ++........              k - amulet of magic regeneration
HPRegen 0.16/turn               (no ring)
MPRegen 0.49/turn               (no ring)

@: very slow
A: AC +1, large, see invisible, deformed body, poison resistance, slowness 2,
spit poison 1, naga tail 1
a: Spit Poison


You were on level 4 of the Dungeon.
You visited 1 branch of the dungeon, and saw 4 of its levels.

You collected 133 gold pieces.

Inventory:

Hand Weapons
 a - a +0 long sword (weapon)
 b - a +0 short sword
 r - the +2 dagger of Superiority {distort, Drain rC+ Dex+4}
   (You found it on level 2 of the Dungeon)

   It warps and distorts space around it, and may blink, banish, or inflict
   extra damage upon those it strikes.
   Unwielding it can cause banishment or high damage.
   Dex:       It affects your dexterity (+4).
   rC:        It protects you from cold.
   Drain:     It drains your maximum health when unequipped.
Missiles
 d - 3 throwing nets
 e - a javelin
Armour
 c - a +0 helmet (worn)
 t - a +3 leather armour (worn)
Jewellery
 k - an amulet of magic regeneration (around neck)
Scrolls
 f - 2 scrolls of enchant weapon {unknown}
 g - 3 scrolls of teleportation
 h - 2 scrolls of brand weapon {unknown}
 j - 2 scrolls of enchant armour {unknown}
 l - a scroll of immolation {unknown}
 n - 2 scrolls of identify {unknown}
 p - a scroll of fog {unknown}
 s - a scroll of fear {unknown}
 w - a scroll of acquirement {unknown}
 x - a scroll of magic mapping {unknown}
Potions
 i - 3 potions of resistance {unknown}
 m - a potion of heal wounds {unknown}
 o - a potion of brilliance {unknown}
 q - a potion of invisibility {unknown}
 u - a potion of degeneration {unknown}
 v - a potion of haste {unknown}


   Skills:
 + Level 3.1 Fighting
 + Level 4.0 Long Blades
 - Level 2.1 Throwing
 - Level 0.3 Armour
 - Level 2.6 Dodging
 + Level 3.2 Stealth


You had 4 spell levels left.
You didn't know any spells.
Your spell library was empty.

Dungeon Overview and Level Annotations

Branches:
Dungeon (4/15)
 Temple: D:4-7

Altars:


Innate Abilities, Weirdness & Mutations

Your serpentine skin is tough. (AC +1)
You have supernaturally acute eyesight. (SInv)
Armour fits poorly on your strangely shaped body.
Your system is resistant to poisons. (rPois)
You cover ground very slowly.
You can spit poison.
You have a snake-like lower body.


Message History

Press: ? - help, Q - select action, (/) - cycle Shift-Dir - straight line, f - hobgoblin
Aim: a hobgoblin, wielding a +0 scythe and wearing a +0 robe (59% to hit)
The splash of poison hits the hobgoblin.
The hobgoblin is poisoned.
You kill the hobgoblin!
You have got your breath back.
There is a stone staircase leading up here.
Aiming: Spit Poison (1% risk of failure)
Press: ? - help, Q - select action, (/) - cycle Shift-Dir - straight line, f - hobgoblin
Aim: a hobgoblin, wielding a +0 scythe and wearing a +0 robe (59% to hit)
The splash of poison hits the hobgoblin.
The hobgoblin is almost dead.
The hobgoblin hits you from afar with a +0 scythe.
The hobgoblin shouts!
The hobgoblin barely misses you.
You slash the hobgoblin!
You kill the hobgoblin!
You can't do that yet.
You have got your breath back.
There is a stone staircase leading up here.
The hobgoblin barely misses you.
The hobgoblin hits you from afar with a +0 scythe!
There is a stone staircase leading up here.
Aiming: Spit Poison (1% risk of failure)
Press: ? - help, Q - select action, (/) - cycle Shift-Dir - straight line, f - hobgoblin
Aim: a hobgoblin, wielding a +0 scythe and wearing a +0 robe (59% to hit)
The splash of poison hits the hobgoblin but does no damage.
The hobgoblin is poisoned.
The hobgoblin barely misses you.
The hobgoblin hits you with a +0 scythe!
You closely miss the hobgoblin.
The hobgoblin is lightly wounded.
The hobgoblin hits you with a +0 scythe.
The hobgoblin attacks as you move away!
The hobgoblin hits you with a +0 scythe!
* * * LOW HITPOINT WARNING * * *
You have got your breath back.
The hobgoblin hits you but does no damage. x2
The hobgoblin hits you from afar with a +0 scythe!
You die...

...$...g.g)...##
.#.#..#####.#.#
....g.......#.##
...#.....g.....# #
..?...##.####..##.#
..##..##..###...#.#
.# #..##......gg..#
#..
#..###...######...
... #...@........ .
#...######...
.......$.......
#$....#...#####
..........#
#..........
.......##.##
....... #.# ......#
.#


You could see 2 hobgoblins.

Vanquished Creatures
  An orc priest (D:3)
  3 adders (D:3)
  A worm (D:2)
  2 dart slugs
  4 orcs
  8 endoplasms
  7 giant cockroaches
  2 goblins
  7 hobgoblins
  5 kobolds
  4 quokkas
  4 ball pythons
  5 bats
  5 frilled lizards
  3 rats
61 creatures vanquished.

Vanquished Creatures (others)
  A plant (D:4)
1 creature vanquished.

Grand Total: 62 creatures vanquished

Notes
Turn   | Place    | Note
-------+----------+-------------------------------------------
     0 | D:1      | AmazingTV the Naga Gladiator began the quest for the Orb.
     0 | D:1      | Reached XP level 1. HP: 19/19 MP: 1/1
   154 | D:1      | Reached XP level 2. HP: 25/26 MP: 2/2
   195 | D:1      | HP: 1/26 [ball python (3)]
  1091 | D:2      | Reached XP level 3. HP: 18/32 MP: 3/3
  1563 | D:2      | Reached skill level 1 in Stealth
  1937 | D:2      | Identified the +2 dagger of Superiority {distort, Drain rC+
                  | Dex+4}
  2512 | D:3      | Reached XP level 4. HP: 18/40 MP: 4/4
  2895 | D:3      | HP: 2/40 [orc priest/divine providence (11)]
  3436 | D:3      | Reached skill level 4 in Long Blades
  3436 | D:3      | Reached XP level 5. HP: 47/49 MP: 5/5
  4082 | D:4      | Slain by a hobgoblin

Illustrated notes

Levels and vault maps discovered:
D:1:      tarquinn_simple_flora_water_c, layout_basic
D:2:      layout_basic
D:3:      layout_basic
D:4:      layout_loops_ring, mainiacjoe_overflow_24_doors, serial_bayou_pond_d,
          sigmund_army, uniq_sigmund

Skill      XL: |  1  2  3  4 |
---------------+-------------+-----
Throwing       | 2 |  2.1
Stealth        | 2 3 |  3.2
Fighting       | 3 |  3.1
Long Blades    | 4 |  4.0
Armour         | |  0.3
Dodging        | |  2.6

Action                   |  1- 3 |  4- 6 || total
-------------------------+-------+-------++-------
Melee: Long sword        |   123 |    38 ||   161
 Abil: Spit Poison       |     3 |     5 ||     8
  Use: Potion            |     1 |       ||     1
       Scroll            |       |     1 ||     1
 Stab: Sleeping          |     2 |     2 ||     4
Armor: Leather armour    |    24 |    14 ||    38
       Skin              |     4 |       ||     4
Dodge: Dodged            |    67 |    33 ||   100

Table legend: (Time is in decaauts)
 A = Elapsed time spent in this place.
 B = Non-inter-level travel time spent in this place.
 C = Inter-level travel time spent in this place.
 D = Time resting spent in this place.
 E = Time spent auto-exploring this place.
 F = Levels seen in this place.
 G = Mean time per level.
                   A        B        C        D        E       F      G
               +--------+--------+--------+--------+--------+-----+--------+
         Total |   4880 |   4657 |    223 |   1629 |   2271 |   4 | 1220.0 |
       Dungeon |   4880 |   4657 |    223 |   1629 |   2271 |   4 | 1220.0 |
               +--------+--------+--------+--------+--------+-----+--------+

Top non-repeatable levels by time:
     D:2: 2196 daAuts
     D:1: 1311 daAuts
     D:3: 1298 daAuts
     D:4: 74 daAuts
